 Dungeon Crawl Stone Soup version 0.29-a0-819-g94b489e0ae (webtiles) character file.

Game seed: 13779987313621535803

34011 Querens the Protected (level 14, -1/65 (127) HPs)
             Began as a Meteoran Fighter on July 6, 2022.
             Was the Champion of Okawaru.
             Slain by a cane toad (8 damage)
             ... on level 1 of the Lair of Beasts.
             The game lasted 00:38:52 (8228 turns).

Querens the Protected (Meteoran Fighter)            Turns: 8228, Time: 00:38:52

HP:   -1/65 (127)   AC: 31    Str: 23    XL:     14   Next: 44%
MP:   23/23         EV:  6    Int: 15    God:    Okawaru [******]
Gold: 787           SH: 12    Dex: 13    Spells: 13/13 levels left

rFire   . . .      SeeInvis .   y - +1 broad axe of the Spheres {freeze, Int+4}
rCold   . . .      Faith    +   H - +0 kite shield
rNeg    . . .      Spirit   .   J - +7 plate armour of Satisfaction {Regen+ rCorr Stlth-}
rPois   +          Reflect  .   (helmet restricted)
rElec   +          Harm     .   m - +0 cloak
rCorr   +          Rampage  .   (no gloves)
Will    +....                   I - +1 pair of boots "Tiyhum" {rElec}
Stlth   ..........              s - amulet of faith
HPRegen 1.00/turn               q - +4 ring of protection
MPRegen 0.18/turn               B - ring of poison resistance

@: about to teleport, glowing, very heavily drained
A: sense surroundings 2, otherworldly, glowing, explore regen, antennae 1,
MP-powered wands
a: Renounce Religion, Heroism, Finesse, Duel


You were on level 1 of the Lair of Beasts.
You worshipped Okawaru.
Okawaru was exalted by your worship.
You visited 4 branches of the dungeon, and saw 15 of its levels.
You also visited: Bailey.

You collected 1474 gold pieces.
You spent 687 gold pieces at shops.

Inventory:

Hand Weapons
 y - the +1 broad axe of the Spheres (weapon) {freeze, Int+4}
   (Okawaru gifted it to you on level 2 of the Orcish Mines)

   It freezes those it strikes, dealing additional cold damage.
   It can also slow down cold-blooded creatures.
   Int:       It affects your intelligence (+4).
Missiles
 e - 5 throwing nets (quivered)
Armour
 m - a +0 cloak (worn)
 w - the +2 pair of boots of the Inquisitive Dreams {Contam Dex+4 Slay+2}
   (Okawaru gifted it to you on level 1 of the Orcish Mines)

   Dex:       It affects your dexterity (+4).
   Slay:      It affects your accuracy & damage with ranged weapons and melee
   (+2).
   Contam:    It causes magical contamination when unequipped.
 H - a +0 kite shield (worn)
 I - the +1 pair of boots "Tiyhum" (worn) {rElec}
   (You found it on level 7 of the Dungeon)

   rElec:     It insulates you from electricity.
 J - the +7 plate armour of Satisfaction (worn) {Regen+ rCorr Stlth-}
   (You took it off an orc warrior on level 7 of the Dungeon)

   Regen:     It increases your rate of health regeneration.
   rCorr:     It protects you from acid and corrosion.
   Stlth:     It makes you less stealthy.
 S - a +2 helmet
Jewellery
 q - a +4 ring of protection (left hand)
 s - an amulet of faith (around neck)
 B - a ring of poison resistance (right hand)
 T - an amulet of reflection
Wands
 C - a wand of iceblast (13)
 F - a wand of charming (15)
 L - a wand of flame (8)
Scrolls
 c - 2 scrolls of torment {unknown}
 f - a scroll of immolation {unknown}
 h - 3 scrolls of brand weapon
 j - 3 scrolls of amnesia {unknown}
 k - 6 scrolls of fog {unknown}
 o - 12 scrolls of identify {unknown}
 p - 2 scrolls of teleportation
 x - 4 scrolls of blinking {unknown}
 A - 2 scrolls of poison {unknown}
 K - a scroll of vulnerability {unknown}
 N - 3 scrolls of enchant armour
 O - 2 scrolls of enchant weapon
 P - 4 scrolls of summoning
 Q - a scroll of silence {unknown}
 R - 2 scrolls of acquirement {unknown}
Potions
 a - a potion of cancellation
 b - 2 potions of berserk rage
 d - 5 potions of might
 g - 8 potions of heal wounds
 i - 4 potions of flight
 l - 3 potions of brilliance
 n - 9 potions of curing
 r - 2 potions of degeneration
 t - 3 potions of ambrosia {unknown}
 u - a potion of lignification {unknown}
 v - 3 potions of haste
 z - 2 potions of resistance {unknown}
 D - 4 potions of attraction
 E - 3 potions of mutation
 G - 3 potions of magic
 M - a potion of experience {unknown}


   Skills:
 + Level 12.3 Fighting
 + Level 13.2 Axes
 + Level 13.4 Armour
 + Level 13.3 Shields
 + Level 11.4 Invocations


You had 13 spell levels left.
You didn't know any spells.
Your spell library contained the following spells:

 Spells                   Type           Power      Damage    Failure   Level
 Fulminant Prism          Conj/Hex       0%         3d6       100%        4
 Iskenderun's Mystic Bla  Conj/Tloc      0%         2d3       100%        4
 Lee's Rapid Deconstruct  Erth           0%         3d5*      100%        5
 Summon Small Mammal      Summ           Unusable   N/A       N/A         1
 Call Canine Familiar     Summ           Unusable   N/A       N/A         3
 Summon Guardian Golem    Hex/Summ       Unusable   N/A       N/A         3

Dungeon Overview and Level Annotations

Branches:
Dungeon (11/15) Zot: 56    Temple (1/1) D:7 Zot: 533    Lair (1/6) D:11 Zot: 585
    Orc (2/2) D:11 Zot: 131     Elf (0/3) Orc:2        Bailey (visited)

Altars:
Ashenzari
Cheibriados
Dithmenos
Elyvilon
Fedhas
Gozag
Hepliaklqana
Kikubaaqudgha
Makhleb
Nemelex Xobeh
Okawaru
Qazlal
Ru
Sif Muna
Trog
Uskayaw
Vehumet
Wu Jian
Xom
Yredelemnul
Zin
The Shining One

Shops:
Orc:1 *   Orc:2 *!!!

Annotations:
D:8 3 runed translucent doors, capka3m's ghost, novice TrMo


Innate Abilities, Weirdness & Mutations

You passively map the area around you.
You are easily found by Zot.
You glow in the dark.
You regain HP and MP as you explore.
You have a pair of small antennae on your head.
You expend magic power (3 MP) to strengthen your wands.


Message History

Your lungs strain for air!
The cane toad is no longer moving slowly.
The water elemental hits you.
* * * LOW HITPOINT WARNING * * *
The cane toad stings you!
* * * LOW HITPOINT WARNING * * *
Unknown command.
You cannot read scrolls while unable to breathe!
Unknown command.
You slip free of the water engulfing you.
The cane toad attacks as you move away!
The cane toad stings you but does no damage.
A komodo dragon comes into view.
Found 12 gold pieces.
You gasp with relief as air once again reaches your lungs.
The komodo dragon hisses angrily.
Unknown command.
Unknown command.
The cane toad stings you.
* * * LOW HITPOINT WARNING * * *
Unknown command.
Unknown command.
The cane toad attacks as you move away!
The cane toad stings you but does no damage.
Okay, then.
As you read the scroll of teleportation, it crumbles to dust.
You feel strangely unstable.
The cane toad is no longer moving slowly.
You block the cane toad's attack. The water elemental hits you.
The water elemental engulfs you in water!
You slip free of the water engulfing you.
You gasp with relief as air once again reaches your lungs.
The komodo dragon bites you.
* * * LOW HITPOINT WARNING * * *
The cane toad stings you!
* * * LOW HITPOINT WARNING * * *
Unknown command.
Unknown command.
The cane toad attacks as you move away! The cane toad stings you!
You die...

* ** * * , ,
#P.#.#.#..#### ,
,,*.#. ,
............#.
.>.#####...#.........
* ,*
.....P...P......$..#.
,,
...P...P.$.#.........*
,.P...8.....PE......#
*,..8.....8...lF.....#
...[..>....F.@.....#
...>..†<....F##.#### ,
.8...8...8.P##* P# ,
...>...>.....# , # ,
P...>...(.P..# , *
..8.....8.......* ,
.P..(8...P....## *,
.......P.?...## *
.P...P...P####


You could see a komodo dragon, a water elemental and 3 cane toads.

Vanquished Creatures
  An orc warlord (Orc:2)
  Harold (D:11)
  A hydra (D:11)
  6 two-headed ogres
  Erica (D:10)
  4 orc high priests (Orc:2)
  The ghost of dricus the Basher, a novice GrFi of Okawaru (D:7)
  Pikel (D:8)
  10 orc knights
  An ugly thing (D:11)
  3 cyclopes
  5 orc sorcerers (Orc:2)
  A gargoyle (D:11)
  A komodo dragon (D:11)
  5 trolls (Orc:2)
  Prince Ribbit (D:8)
  Sigmund (D:3)
  A shadow (D:10)
  A water elemental (Orc:1)
  A wraith (D:11)
  24 yaks
  A wyvern (D:10)
  3 steam dragons (D:8)
  Edmund (D:5)
  2 wargs
  3 acid dragons
  3 water moccasins
  2 ice beasts
  3 sky beasts
  3 black bears
  45 orc warriors
  11 ogres
  4 centaurs
  2 phantoms
  2 kobold brigands
  2 bullfrogs
  A scorpion (D:7)
  2 necrophages
  11 killer bees (D:9)
  8 howler monkeys
  A jelly (D:8)
  3 hounds
  26 orc priests
  Crazy Yiuf (D:2)
  A gnoll bouda (D:6)
  7 iguanas
  17 orc wizards
  A hound zombie (D:4)
  13 gnolls
  7 adders
  A shadow imp (D:7)
  An adder zombie (D:4)
  2 worms (D:2)
  The ghost of fly the Sneak, a weakling FoDe (D:4)
  132 orcs
  6 bats
  9 endoplasms
  6 giant cockroaches
  14 goblins
  10 hobgoblins
  A jackal (D:3)
  21 kobolds
  2 quokkas
  11 ball pythons
  2 frilled lizards
  6 rats
482 creatures vanquished.

Vanquished Creatures (others)
  An orc priest (Orc:2)
  2 orc wizards
  An orc (D:8)
  6 fungi (D:11)
  10 plants
20 creatures vanquished.

Grand Total: 502 creatures vanquished

Notes
Turn   | Place    | Note
-------+----------+-------------------------------------------
     0 | D:1      | Querens the Meteoran Fighter began the quest for the Orb.
     0 | D:1      | Reached XP level 1. HP: 19/19 MP: 2/2
    20 | D:1      | Found a faded altar of an unknown god.
    89 | D:1      | Reached XP level 2. HP: 26/26 MP: 3/3
   202 | D:1      | Reached XP level 3. HP: 24/31 MP: 4/4
   419 | D:1      | Reached XP level 4. HP: 40/40 MP: 5/5
   470 | D:1      | Glimpsed the power of Zot.
   519 | D:1      | Glimpsed the power of Zot.
   607 | D:2      | Reached XP level 5. HP: 13/46 MP: 6/6
  1044 | D:2      | Glimpsed the power of Zot.
  1053 | D:2      | Found a runed translucent door.
  1054 | D:2      | Noticed Crazy Yiuf
  1061 | D:2      | Killed Crazy Yiuf
  1092 | D:2      | Glimpsed the power of Zot.
  1259 | D:3      | Noticed Sigmund
  1287 | D:3      | Killed Sigmund
  1288 | D:3      | Reached skill level 5 in Armour
  1288 | D:3      | Reached skill level 5 in Shields
  1288 | D:3      | Reached XP level 6. HP: 36/53 MP: 7/7
  1296 | D:3      | Reached XP level 7. HP: 49/60 MP: 8/8
  1618 | D:3      | Glimpsed the power of Zot.
  1666 | D:3      | Glimpsed the power of Zot.
  1800 | D:4      | Reached skill level 5 in Fighting
  2038 | D:4      | Found a shimmering blue altar of Sif Muna.
  2071 | D:4      | Found a runed translucent gate.
  2071 | D:4      | Found a runed translucent gate.
  2071 | D:4      | Found a runed translucent gate.
  2071 | D:4      | Noticed fly's ghost (weakling FoDe)
  2073 | D:4      | Found a basalt altar of Yredelemnul.
  2088 | D:4      | Killed fly's ghost
  2099 | D:4      | Reached skill level 5 in Axes
  2188 | D:5      | Entered Level 5 of the Dungeon
  2271 | D:5      | Noticed Edmund
  2280 | D:5      | Killed Edmund
  2281 | D:5      | Reached XP level 8. HP: 64/69 MP: 9/9
  2647 | D:5      | Gained mutation: You passively map the area around you.
                  | [Meteoran growth]
  2647 | D:5      | Reached XP level 9. HP: 70/75 MP: 10/10
  2766 | D:5      | Glimpsed the power of Zot.
  2816 | D:5      | Glimpsed the power of Zot.
  2903 | D:6      | Found a blossoming altar of Fedhas.
  2904 | D:6      | Found an opulent altar of Gozag.
  2904 | D:6      | Found an ornate altar of the Wu Jian Council.
  2905 | D:6      | Found a glowing golden altar of the Shining One.
  3349 | D:6      | Glimpsed the power of Zot.
  3399 | D:6      | Glimpsed the power of Zot.
  3496 | D:7      | Found a staircase to the Ecumenical Temple.
  3502 | Temple   | Entered the Ecumenical Temple
  3528 | Temple   | Became a worshipper of Warmaster Okawaru
  4006 | D:7      | Glimpsed the power of Zot.
  4016 | D:7      | Noticed dricus's ghost (novice GrFi)
  4017 | D:7      | Found a runed translucent gate.
  4017 | D:7      | Found a runed translucent gate.
  4017 | D:7      | Found a runed translucent gate.
  4018 | D:7      | Identified the +7 plate armour of Satisfaction {Regen+
                  | rCorr Stlth-}
  4029 | D:7      | Reached * piety under Okawaru
  4044 | D:7      | Killed dricus's ghost
  4045 | D:7      | Reached XP level 10. HP: 33/88 MP: 11/11
  4049 | D:7      | Glimpsed the power of Zot.
  4054 | D:7      | Identified the +1 pair of boots "Tiyhum" {rElec}
  4072 | D:8      | Found a hazy altar of Hepliaklqana.
  4105 | D:8      | Reached skill level 1 in Invocations
  4108 | D:8      | Reached ** piety under Okawaru
  4158 | D:8      | Noticed Pikel
  4172 | D:8      | Killed Pikel
  4356 | D:8      | Reached *** piety under Okawaru
  4416 | D:8      | Noticed Prince Ribbit
  4428 | D:8      | Killed Prince Ribbit
  4434 | D:8      | Found a runed translucent gate.
  4434 | D:8      | Found a runed translucent gate.
  4434 | D:8      | Found a runed translucent gate.
  4435 | D:8      | Noticed capka3m's ghost (novice TrMo)
  4517 | D:8      | Reached XP level 11. HP: 95/95 MP: 15/15
  4578 | D:8      | Glimpsed the power of Zot.
  4686 | D:9      | Found a flagged portal.
  4707 | Bailey   | Entered a bailey
  4814 | Bailey   | Noticed an orc knight
  4839 | Bailey   | Killed an orc knight
  4839 | Bailey   | Reached **** piety under Okawaru
  4840 | Bailey   | Reached skill level 5 in Invocations
  4856 | Bailey   | Noticed an orc knight
  4872 | Bailey   | Reached skill level 10 in Armour
  4886 | Bailey   | Killed an orc knight
  4887 | Bailey   | Reached skill level 10 in Shields
  5279 | D:9      | Reached skill level 10 in Axes
  5321 | D:9      | Reached ***** piety under Okawaru
  5407 | D:9      | Glimpsed the power of Zot.
  5451 | D:10     | Entered Level 10 of the Dungeon
  5529 | D:10     | Reached XP level 12. HP: 100/106 MP: 15/18
  5800 | D:10     | Noticed a two-headed ogre
  5801 | D:10     | Noticed Erica
  5814 | D:10     | Received a gift from Okawaru
  5816 | D:10     | Killed a two-headed ogre
  5816 | D:10     | Received a gift from Okawaru
  5817 | D:10     | Reached skill level 10 in Fighting
  5821 | D:10     | Gained mutation: You have a pair of small antennae on your
                  | head. [potion of mutation]
  5821 | D:10     | Gained mutation: You expend magic power (3 MP) to
                  | strengthen your wands. [potion of mutation]
  5842 | D:10     | Killed Erica
  6019 | D:10     | Glimpsed the power of Zot.
  6029 | D:11     | Found a staircase to the Orcish Mines.
  6154 | D:11     | Noticed Harold
  6165 | D:11     | Noticed an eight-headed hydra
  6244 | D:11     | Killed an eight-headed hydra
  6267 | D:11     | Killed Harold
  6474 | D:11     | Reached XP level 13. HP: 76/115 MP: 20/20
  6533 | D:11     | Found a staircase to the Lair.
  6618 | D:11     | Glimpsed the power of Zot.
  6627 | Orc:1    | Entered Level 1 of the Orcish Mines
  6682 | Orc:1    | Identified the +2 pair of boots of the Inquisitive Dreams
                  | {Contam Dex+4 Slay+2} (Okawaru gifted it to you on level 1
                  | of the Orcish Mines)
  6682 | Orc:1    | Received a gift from Okawaru
  6714 | Orc:1    | Noticed a two-headed ogre
  6723 | Orc:1    | Killed a two-headed ogre
  6745 | Orc:1    | Found Nysk's General Store.
  6930 | Orc:2    | Entered Level 2 of the Orcish Mines
  6931 | Orc:2    | Noticed a two-headed ogre
  6932 | Orc:2    | Noticed a two-headed ogre
  6946 | Orc:2    | Killed a two-headed ogre
  6947 | Orc:2    | Killed a two-headed ogre
  6967 | Orc:2    | Noticed a two-headed ogre
  6978 | Orc:2    | Killed a two-headed ogre
  7069 | Orc:2    | Noticed a two-headed ogre
  7081 | Orc:2    | Killed a two-headed ogre
  7114 | Orc:2    | Reached ****** piety under Okawaru
  7234 | Orc:2    | Reached skill level 10 in Invocations
  7251 | Orc:2    | Identified the +1 broad axe of the Spheres {freeze, Int+4}
                  | (Okawaru gifted it to you on level 2 of the Orcish Mines)
  7251 | Orc:2    | Received a gift from Okawaru
  7327 | Orc:2    | Found Gucoeradd's Distillery.
  7344 | Orc:2    | Bought a potion of curing for 42 gold pieces
  7351 | Orc:2    | Found Egergh's Distillery.
  7371 | Orc:2    | Bought a potion of attraction for 45 gold pieces
  7549 | Orc:2    | Noticed an orc warlord
  7582 | Orc:2    | Reached XP level 14. HP: 103/125 MP: 23/23
  7585 | Orc:2    | Identified the +12 trident of Bobbaj {vorpal, Fragile
                  | Int+8} (Okawaru gifted it to you on level 2 of the Orcish
                  | Mines)
  7585 | Orc:2    | Received a gift from Okawaru
  7598 | Orc:2    | Killed an orc warlord
  7763 | Orc:2    | Found a staircase to the Elven Halls.
  7792 | Orc:2    | Glimpsed the power of Zot.
  7799 | Orc:2    | Paralysed by an orc sorcerer for 5 turns
  7849 | Orc:2    | Glimpsed the power of Zot.
  7889 | Orc:2    | Glimpsed the power of Zot.
  7899 | Orc:2    | Touched by the power of Zot.
  7919 | Orc:2    | Found Xet Vaud's Assorted Antiques.
  7939 | Orc:2    | Bought a scroll labelled PEMOET WIM NOQ for 27 gold pieces
  7939 | Orc:2    | Bought a potion of curing for 81 gold pieces
  8003 | Orc:2    | Glimpsed the power of Zot.
  8050 | Orc:2    | Found Hoescher's Distillery.
  8056 | Orc:2    | Identified the +0 scale mail of Starshine {Str+5 Int+2}
                  | (Okawaru gifted it to you on level 2 of the Orcish Mines)
  8056 | Orc:2    | Received a gift from Okawaru
  8057 | Orc:2    | Glimpsed the power of Zot.
  8074 | Orc:2    | Bought a potion of curing for 30 gold pieces
  8074 | Orc:2    | Bought 2 potions of curing for 60 gold pieces
  8074 | Orc:2    | Bought a potion of berserk rage for 50 gold pieces
  8074 | Orc:2    | Bought a potion of curing for 30 gold pieces
  8074 | Orc:2    | Bought a potion of curing for 30 gold pieces
  8074 | Orc:2    | Bought a potion of haste for 100 gold pieces
  8100 | Orc:2    | Glimpsed the power of Zot.
  8110 | Orc:2    | Touched by the power of Zot.
  8153 | Orc:1    | Bought a potion of brilliance for 64 gold pieces
  8153 | Orc:1    | Bought a potion of cancellation for 128 gold pieces
  8213 | Lair:1   | Entered Level 1 of the Lair of Beasts
  8228 | Lair:1   | Slain by a cane toad

Illustrated notes

Levels and vault maps discovered:
D:1:      lightli_arrival_maybe_door_vault, layout_basic,
          shapermc_ecumenical_altar_venn, minmay_vboxes
D:2:      layout_loops_ring, nrook_uturn, uniq_crazy_yiuf_cottage
D:3:      layout_basic, minmay_increasing_density, uniq_sigmund
D:4:      layout_loops_ring, nicolae_yredelemnul_ghost_church,
          mainiacjoe_overflow_brackets
D:5:      layout_loops_ring, minmay_misc_feat_alley, kennysheep_generic_room_15,
          uniq_edmund, uniq_menkaure
D:6:      layout_basic, chequers_temple_overflow_statue_of_worship,
          nrook_loot_triangle
D:7:      layout_loops_ring, temple_doors_e, biasface_ghost_orc_armoury
D:8:      layout_basic, nicolae_hepliaklqana_hazy_memory,
          ebering_ghost_rock_garden, uniq_prince_ribbit1, uniq_pikel
D:9:      layout_loops_ring, enter_bailey_5, grunt_decor_cap, chequers_arboretum
D:10:     layout_basic, uniq_erica
D:11:     layout_layer_cave, grunt_lair_entry_orc_guard_hut, orc_0_dummy,
          nicolae_concentric_dashed_squares_wild, dreamdust_wishing_well,
          nicolae_underground_beach, uniq_harold
Temple:   eino_wide_crystal_templ
Lair:1:   layout_loops_ring, special_room [special_room_bee], evilmike_ambush
          [evilmike_ambush_outer_basic, evilmike_ambush_inner_pond], uniq_fannar
Orc:1:    layout_caves, serial_shops, nicolae_diamond_shop
Orc:2:    pubby_orc_utopia, serial_shops

Skill      XL: |  1  2  3  4  5  6  7  8  9 10 11 12 13 14 |
---------------+-------------------------------------------+-----
Axes           | 3 4 5 6 8 9 10 11 12 13 | 13.2
Shields        | 4 5 6 8 9 10 11 12 13 | 13.3
Armour         | 4 5 6 8 9 10 11 12 13 | 13.4
Fighting       | 4 5 6 7 8 9 10 11 12 | 12.3
Invocations    | 4 6 8 10 11 | 11.4

Action                   |  1- 3 |  4- 6 |  7- 9 | 10-12 | 13-15 || total
-------------------------+-------+-------+-------+-------+-------++-------
Melee: War axe           |    69 |   120 |   382 |   587 |   220 ||  1378
       Broad axe         |       |       |       |       |   279 ||   279
Invok: Heroism           |       |       |       |     9 |    11 ||    20
       Finesse           |       |       |       |       |     2 ||     2
Evoke: Wand              |       |       |     5 |    19 |     3 ||    27
  Use: Potion            |       |       |     5 |     4 |     1 ||    10
       Scroll            |       |       |       |     2 |     1 ||     3
Armor: Scale mail        |    52 |    66 |   225 |       |       ||   343
       Plate armour      |       |       |       |   602 |   264 ||   866
Dodge: Dodged            |    24 |    35 |   124 |   141 |    95 ||   419
Block: Buckler           |    22 |    35 |    90 |       |       ||   147
       Kite shield       |       |       |    27 |   463 |   352 ||   842

Table legend: (Time is in decaauts)
 A = Elapsed time spent in this place.
 B = Non-inter-level travel time spent in this place.
 C = Inter-level travel time spent in this place.
 D = Time resting spent in this place.
 E = Time spent auto-exploring this place.
 F = Levels seen in this place.
 G = Mean time per level.
                   A        B        C        D        E       F      G
               +--------+--------+--------+--------+--------+-----+--------+
         Total |   8333 |   7804 |    529 |      0 |      0 |  16 |  520.8 |
       Dungeon |   6543 |   6132 |    411 |      0 |      0 |  11 |  594.8 |
        Temple |     66 |     47 |     19 |      0 |      0 |   1 |   66.0 |
          Lair |     15 |     15 |      0 |      0 |      0 |   1 |   15.0 |
  Orcish Mines |   1469 |   1370 |     99 |      0 |      0 |   2 |  734.5 |
        Bailey |    239 |    239 |      0 |      0 |      0 |   1 |  239.0 |
               +--------+--------+--------+--------+--------+-----+--------+

Top non-repeatable levels by time:
   Orc:2: 1130 daAuts
     D:5: 663 daAuts
    D:11: 639 daAuts
     D:2: 619 daAuts
     D:9: 614 daAuts
     D:7: 606 daAuts
     D:6: 603 daAuts
     D:3: 582 daAuts
    D:10: 559 daAuts
     D:1: 558 daAuts
     D:8: 556 daAuts
     D:4: 538 daAuts
   Orc:1: 339 daAuts
  Bailey: 239 daAuts
  Temple: 66 daAuts
